 Dungeon Crawl Stone Soup version 0.30-a0-56-ge6a4009bfd (webtiles) character file.

Game seed: 4772671097909135015

135 Newt the Trooper (level 4, -3/37 HPs)
             Began as a Demonspawn Gladiator on Sept 10, 2022.
             Slain by a white imp (4 damage)
             ... summoned by Natasha
             ... on level 3 of the Dungeon.
             The game lasted 00:04:47 (2769 turns).

Newt the Trooper (Demonspawn Gladiator)             Turns: 2769, Time: 00:04:47

Health: -3/37      AC:  5    Str: 28    XL:     4   Next: 97%
Magic:  4/4        EV: 13    Int: 10    God:
Gold:   166        SH:  0    Dex: 14    Spells: 3/3 levels left

rFire   . . .      SeeInvis .    v - +0 dagger (vamp)
rCold   . . .      Faith    .    (no shield)
rNeg    . . .      Spirit   .    b - +0 leather armour
rPois   .          Reflect  .    c - +0 helmet
rElec   .          Harm     .    (no cloak)
rCorr   .          Rampage  .    (no gloves)
Will    .....                    g - +0 pair of boots
Stlth   ++........               y - amulet of magic regeneration
HPRegen 0.12/turn                f - +6 ring of strength
MPRegen 0.49/turn                q - +6 ring of strength

@: slowed, very slow
A: hooves 1, powered by death 2
a: no special abilities


You were on level 3 of the Dungeon.
You visited 1 branch of the dungeon, and saw 3 of its levels.

You collected 166 gold pieces.

Inventory:

Hand Weapons
 a - a +0 rapier
 v - a +0 vampiric dagger (weapon)
Missiles
 d - 2 throwing nets (quivered)
 e - 2 javelins
 n - 4 poisoned darts
Armour
 b - a +0 leather armour (worn)
 c - a +0 helmet (worn)
 g - a +0 pair of boots (worn)
 m - a +0 scale mail
Jewellery
 f - a +6 ring of strength (left hand)
 o - a ring of wizardry
 q - a +6 ring of strength (right hand)
 y - an amulet of magic regeneration (around neck)
 z - a ring of protection from fire
Scrolls
 h - 2 scrolls of identify {unknown}
 i - a scroll of enchant armour {unknown}
 t - a scroll of teleportation
 w - a scroll of noise {unknown}
 x - 2 scrolls of immolation {unknown}
Potions
 j - a potion of invisibility {unknown}
 k - a potion of curing {unknown}
 l - a potion of degeneration {unknown}
 p - a potion of lignification {unknown}
 r - a potion of flight {unknown}
 s - a potion of mutation {unknown}
 u - 2 potions of resistance {unknown}


   Skills:
 - Level 4.0 Fighting
 - Level 2.6 Short Blades
 - Level 1.7 Throwing
 + Level 3.5 Dodging
 - Level 2.0 Stealth


You had 3 spell levels left.
You didn't know any spells.
Your spell library contained the following spells:

 Spells                   Type           Power      Damage    Failure   Level
 Apportation              Tloc           0%         N/A       38%         1
 Alistair's Intoxication  Tmut/Pois      0%         N/A       100%        5


Dungeon Overview and Level Annotations

Branches:
Dungeon (3/15)

Altars:
Ashenzari

Annotations:
D:3 Natasha


Innate Abilities, Weirdness & Mutations

You have large cloven feet.
You regenerate health from kills.


Message History

The crimson imp hits you. Natasha misses you.
The white imp hits you but does no damage.
Unknown command.
You hit Natasha.
You feel better.
Natasha is heavily wounded.
The crimson imp misses you.
Natasha hisses.
Natasha closely misses you. The white imp gestures at you.
The puff of frost misses you.
The crimson imp hits you but does no damage.
You closely miss Natasha.
Natasha is heavily wounded.
Natasha claws you! The white imp barely misses you. The crimson imp hits you.
Natasha barely misses you. The white imp gestures at you.
The puff of frost hits you.
Unknown command.
You closely miss Natasha.
Natasha is heavily wounded.
The crimson imp hits you but does no damage.
Natasha claws you but does no damage. The white imp closely misses you.
Unknown command.
Throw: 3 javelins
Press: ? - help, Shift-Dir - straight line, f - white imp
Aim: a white imp (summoned, 60% to hit)
You throw a javelin.
The javelin pierces through the white imp but does no damage.
The crimson imp barely misses you. Natasha closely misses you.
The white imp hits you. The white imp freezes you.
* * * LOW HITPOINT WARNING * * *
The crimson imp hits you.
* * * LOW HITPOINT WARNING * * *
Natasha casts a spell at you. The magic dart hits you.
* * * LOW HITPOINT WARNING * * *
The white imp hits you.
* * * LOW HITPOINT WARNING * * *
The white imp freezes you.
You die...

*****,,,,,,,,,,,,,*,#oo.#
*,,,,,**#........,,,*#oo##
*,.,*** #.<.......***#oow.
*,..** #.........# #.oo.
*,...##*#.........# ####.
****..(##.........#**#####
***.............,......
**#5h>........,......
#.@5.......#*###...
#...........,,....#
######.#.....##**.####*
#...##..#..###.,,,*
#...###........****
#.........#####*
####..........#*
#....>..#..##..#*
#.#####...##*#..#*


You could see Natasha, a crimson imp (summoned) and a white imp (summoned).

Vanquished Creatures
  Natasha (D:3)
  5 adders
  A worm (D:3)
  A dart slug (D:1)
  4 orcs
  3 bats
  3 endoplasms
  4 giant cockroaches
  6 goblins
  4 hobgoblins (D:2)
  4 jackals
  2 quokkas (D:1)
  4 ball pythons
  3 frilled lizards
  5 kobolds
  7 rats
57 creatures vanquished.

Notes
Turn   | Place    | Note
-------+----------+-------------------------------------------
     0 | D:1      | Newt the Demonspawn Gladiator began the quest for the Orb.
     0 | D:1      | Reached XP level 1. HP: 16/16 MP: 1/1
    32 | D:1      | Reached skill level 1 in Stealth
   351 | D:1      | Gained mutation: You regenerate a little health from kills.
                  | [demonic ancestry]
   351 | D:1      | Reached XP level 2. HP: 21/22 MP: 2/2
   937 | D:1      | Gained mutation: You have large cloven feet. [demonic
                  | ancestry]
   937 | D:1      | Reached XP level 3. HP: 28/28 MP: 3/3
  1049 | D:2      | Reached skill level 3 in Fighting
  1051 | D:2      | Found a faded altar of an unknown god.
  1483 | D:2      | Gained mutation: You regenerate health from kills. [demonic
                  | ancestry]
  1483 | D:2      | Reached XP level 4. HP: 37/37 MP: 4/4
  1708 | D:2      | Reached skill level 4 in Fighting
  2451 | D:3      | Found a broken altar of Ashenzari.
  2487 | D:3      | Noticed Natasha
  2518 | D:3      | Killed Natasha
  2754 | D:3      | Noticed Natasha
  2769 | D:3      | HP: 1/37 [white imp[Natasha] (2)]
  2769 | D:3      | Slain by a white imp

Illustrated notes

Levels and vault maps discovered:
D:1:      wheals_arrival_shading, layout_loops_ring, minmay_split_cup_small
D:2:      layout_basic, chequers_ecumenical_altar_lobes,
          corexii_leaking_fountain
D:3:      layout_rooms, evilmike_ruin_ashenzari, kennysheep_generic_room_14,
          uniq_natasha

Skill      XL: |  1  2  3  4 |
---------------+-------------+-----
Stealth        | 1 2 |  2.0
Fighting       | 3 4 |  4.0
Dodging        | 3 |  3.5
Short Blades   | |  2.6
Throwing       | |  1.7

Action                   |  1- 3 |  4- 6 || total
-------------------------+-------+-------++-------
Melee: Rapier            |    78 |       ||    78
       Dagger            |    56 |   185 ||   241
       Punch             |       |     1 ||     1
Throw: Throwing net      |     3 |       ||     3
       Javelin           |       |     2 ||     2
  Use: Potion            |       |     3 ||     3
       Scroll            |       |     2 ||     2
 Stab: Sleeping          |     4 |     2 ||     6
       Held in net/web   |     1 |       ||     1
Armor: Leather armour    |    34 |    73 ||   107
Dodge: Dodged            |    71 |   108 ||   179

Table legend: (Time is in decaauts)
 A = Elapsed time spent in this place.
 B = Non-inter-level travel time spent in this place.
 C = Inter-level travel time spent in this place.
 D = Time resting spent in this place.
 E = Time spent auto-exploring this place.
 F = Levels seen in this place.
 G = Mean time per level.
                   A        B        C        D        E       F      G
               +--------+--------+--------+--------+--------+-----+--------+
         Total |   2754 |   2731 |     23 |    726 |   1356 |   3 |  918.0 |
       Dungeon |   2754 |   2731 |     23 |    726 |   1356 |   3 |  918.0 |
               +--------+--------+--------+--------+--------+-----+--------+

Top non-repeatable levels by time:
     D:1: 1035 daAuts
     D:3: 900 daAuts
     D:2: 819 daAuts
